 Dungeon Crawl Stone Soup version 0.31.0-2-g5a2aebc5c2 (webtiles) character file.

Game seed: 16203361598147604706

133 Arctor the Shooter (level 5, -2/30 HPs)
             Began as a Kobold Hexslinger on Jan 20, 2024.
             Was a Follower of Okawaru.
             Killed from afar by Blork the orc (11 damage)
             ... with a magic dart
             ... on level 4 of the Dungeon.
             The game lasted 00:02:41 (2600 turns).

Arctor the Shooter (Kobold Hexslinger)              Turns: 2600, Time: 00:02:42

Health: -2/30      AC:  3    Str:  4 (5)  XL:     5   Next: 40%
Magic:  6/8        EV: 16    Int: 14      God:    Okawaru [*.....]
Gold:   178        SH:  0    Dex: 20      Spells: 6/8 levels left

rFire   . . .        s - +0 orcbow
rCold   . . .        (shield currently unavailable)
rNeg    . . .        c - +1 robe
rPois   .            (no helmet)
rElec   .            (no cloak)
rCorr   .            (no gloves)
SInv    +            (no boots)
Will    .....        (no amulet)
Stlth   +++          i - ring of wizardry
HPRegen 0.25/turn    n - ring of see invisible
MPRegen 0.11/turn

%: wizardry (x1)
@: weak-willed
A: small, no large weapons, nightstalker 3
a: Renounce Religion, Heroism


You were on level 4 of the Dungeon.
You worshipped Okawaru.
Okawaru was aware of your devotion.
You visited 1 branch of the dungeon, and saw 4 of its levels.

You collected 178 gold pieces.

Inventory:

Hand Weapons
 a - a +2 sling
 e - a +1 dagger of draining
 s - a +0 orcbow (weapon)
Missiles
 f - 37 stones
Armour
 c - a +1 robe (worn)
Jewellery
 i - a ring of wizardry (left hand)
 n - a ring of see invisible (right hand)
Talismans
 r - a talisman of death
Wands
 h - a wand of digging (3)
Scrolls
 b - 2 scrolls of poison
 g - a scroll of noise
 k - a scroll of vulnerability
 l - 2 scrolls of teleportation
Potions
 d - 2 potions of attraction
 o - a potion of might {unknown}
 p - a potion of brilliance {unknown}
 q - 3 potions of heal wounds {unknown}


   Skills:
 + Level 2.3 Fighting
 + Level 3.7 Ranged Weapons
 + Level 3.5 Dodging
 + Level 2.2 Spellcasting
 + Level 3.5 Hexes
 - Level 1.5 Fire Magic


You had 6 spell levels left.
You knew the following spells:

 Your Spells              Type           Power      Damage    Failure   Level
a - Jinxbite              Hex            22%        N/A       3%          2

Your spell library contained the following spells:

 Spells                   Type           Power      Damage    Failure   Level
 Sigil of Binding         Hex            11%        N/A       6%          3
 Ensorcelled Hibernation  Hex/Ice        12%        N/A       7%          2
 Shock                    Conj/Air       4%         1d3       10%         1
 Inner Flame              Hex/Fire       8%         N/A       10%         3
 Cause Fear               Hex            5%         N/A       21%         4
 Fugue of the Fallen      Necr           1%         N/A       26%         3
 Swiftness                Air            1%         N/A       26%         3
 Anguish                  Hex/Necr       3%         N/A       38%         4
 Dimensional Bullseye     Hex/Tloc       3%         N/A       38%         4
 Airstrike                Air            0%         2d(1-17)  65%         4
 Brom's Barrelling Bould  Conj/Erth      1%         2d3       65%         4
 Fireball                 Conj/Fire      1%         3d3       86%         5
 Iskenderun's Battlesphe  Conj           1%         2d6       92%         5
 Conjure Ball Lightning   Conj/Air       0%         3x3d6     100%        6
 Orb of Destruction       Conj           0%         9d5       100%        7


Dungeon Overview and Level Annotations

Branches:
Dungeon (4/15)
 Temple: D:4-7

Altars:
Okawaru
Qazlal

Shops:
D:3 [

Annotations:
D:4 Blork the orc, Sigmund


Innate Abilities, Weirdness & Mutations

You are small and have problems with some larger weapons.
You are completely attuned to the shadows.


Message History

There is nobody nearby that the sprites are interested in.
Blork the orc comes into view.
He is wielding a +4 mace and wearing a +2 robe of cold resistance.
Blork the orc shouts!
You shoot an arrow. The arrow closely misses Blork the orc.
Blork the orc barely misses you. Blork the orc completely misses you.
Casting: Jinxbite (safe; 3% risk of failure)
Confirm with . or Enter, or press ? or * to list all spells.
You beckon some vexing sprites to accompany your attacks.
You feel your willpower being sapped.
Blork the orc casts a cantrip, but nothing happens.
You shoot an arrow. The arrow hits Blork the orc.
Blork the orc is lightly wounded.
Blork the orc hits you with a +4 mace!
You shoot an arrow. The arrow barely misses Blork the orc.
Blork the orc casts a spell at you. The puff of frost hits you!
You shoot an arrow. The arrow hits Blork the orc!
Blork the orc is heavily wounded.
Blork the orc closely misses you. Blork the orc misses you.
You shoot an arrow. The arrow hits Blork the orc.
Blork the orc is heavily wounded.
A giggling sprite leaps out and makes Blork the orc trip over his own feet.
Blork the orc is severely wounded.
Blork the orc hits you with a +4 mace.
* * * LOW HITPOINT WARNING * * *
You shoot an arrow. The arrow hits Blork the orc.
Blork the orc is severely wounded.
A giggling sprite leaps out and smacks Blork the orc with his own hand.
Blork the orc is severely wounded.
The jinxing sprites lose interest in you.
Blork the orc mumbles some strange words.
Blork the orc seems to speed up.
As you read the scroll labelled JOECET OGUDGH, it crumbles to dust.
You feel aware of your surroundings.
You sensed 2 altars, and 1 shop/portal.
It was a scroll of revelation.
Blork the orc gestures at you while chanting.
The puff of flame misses you. Blork the orc casts a spell at you.
The magic dart hits you!
You die...

*,,,*~~~**,,*,****
*,*,**~~~*,,,,,,,*
*,*,,~~~~~,~,,,*,*
*,*,~~~~~~~,~,,*,,
####.....,~~~~~,~,,,,
####.....,~,~~~,~~,,,
####.###.,~~~~~~~~~,,
####o####...~~≈≈≈≈≈~~
####@#####.P.~≈P≈≈≈≈~
####.#####...~~≈~≈≈≈≈
******###...##......~~~~≈≈≈
*,,,,,.........##....~.~P~P
*,,,**###...#####.##...~~P~
*,,,* #.....###.##.....@.
*,,,****#.........#####.###
*,,,,,,.........<..........
*,,,***###.##.####.########


You could see Blork the orc (fast, very drained).

Vanquished Creatures
  A jelly (D:3)
  An adder (D:4)
  5 dart slugs
  3 orcs
  5 ball pythons
  11 endoplasms
  A giant cockroach (D:1)
  3 goblins
  4 hobgoblins
  5 jackals
  2 quokkas
  7 bats
  10 frilled lizards
  12 kobolds
  8 rats
78 creatures vanquished.

Notes
Turn   | Place    | Note
-------+----------+-------------------------------------------
     0 | D:1      | Arctor the Kobold Hexslinger began the quest for the Orb.
     0 | D:1      | Reached XP level 1. HP: 12/12 MP: 2/2
    91 | D:1      | Reached XP level 2. HP: 16/16 MP: 3/3
   142 | D:1      | Found a faded altar of an unknown god.
   189 | D:1      | Prayed at the altar of an unknown god.
   189 | D:1      | Became a worshipper of Warmaster Okawaru
   189 | D:1      | Reached * piety under Okawaru
   397 | D:1      | Reached XP level 3. HP: 20/20 MP: 4/4
   743 | D:1      | Learned a level 2 spell: Jinxbite
   992 | D:2      | Reached XP level 4. HP: 26/26 MP: 6/6
  1794 | D:3      | Found Veeca's Armour Emporium.
  2207 | D:3      | Reached XP level 5. HP: 30/30 MP: 6/8
  2286 | D:3      | Found a stormy altar of Qazlal.
  2465 | D:4      | Noticed Sigmund
  2591 | D:4      | Noticed Blork the orc
  2600 | D:4      | Killed from afar by Blork the orc

Illustrated notes

Levels and vault maps discovered:
D:1:      dpeg_arrival_rooms_b, layout_basic,
          shapermc_ecumenical_altar_mp_highgroup, minmay_misc_feat_iff,
          minmay_crystal_water, minmay_fountain_box, kennysheep_crisscross
D:2:      layout_basic
D:3:      layout_rooms, marbit_many_paths, serial_shops, shop
D:4:      layout_rooms, hellmonk_sif_muna_bookshelves, elyvilon_altar_3,
          cheibrodos_sewer_entry_bend, chequers_big_river, uniq_sigmund,
          uniq_blork_the_orc

Skill      XL: |  1  2  3  4 |
---------------+-------------+-----
Ranged Weapons | 3 |  3.7
Dodging        | 3 |  3.5
Fighting       | 2 |  2.3
Spellcasting   | 2 |  2.2
Hexes          | |  3.5
Fire Magic     | |  1.5

Action                     |  1- 3 |  4- 6 || total
---------------------------+-------+-------++-------
   Fire: Sling             |    85 |    62 ||   147
         Orcbow            |       |    53 ||    53
   Cast: Jinxbite          |       |     4 ||     4
    Use: Scroll            |     4 |     3 ||     7
         Potion            |     1 |     1 ||     2
 Armour: Robe              |    12 |    28 ||    40
  Dodge: Dodged            |    28 |    60 ||    88
